 Dungeon Crawl Stone Soup version 0.29-a0-321-gf1c400731a (webtiles) character file.

Game seed: 4348044505346047531

40 Dabor the Skirmisher (level 3, -2/33 HPs)
             Began as a Hill Orc Fighter on Apr 5, 2022.
             Killed from afar by Sigmund (3 damage)
             ... with a magic dart
             ... on level 2 of the Dungeon.
             The game lasted 00:01:13 (1601 turns).

Dabor the Skirmisher (Hill Orc Fighter)             Turns: 1601, Time: 00:01:13

Health: -2/33      AC:  6    Str: 20    XL:     3   Next: 50%
Magic:  3/3        EV: 17    Int:  8    God:
Gold:   46         SH:  0    Dex: 10    Spells: 2/2 levels left

rFire   + + .      SeeInvis .   (weapon currently unavailable)
rCold   + + .      Faith    .   (shield currently unavailable)
rNeg    + + +      Spirit   .   (body armour currently unavailable)
rPois   ∞          Reflect  .   (helmet currently unavailable)
rElec   +          Harm     .   (cloak currently unavailable)
rCorr   +          Rampage  .   (gloves currently unavailable)
Will    .....                   (boots currently unavailable)
Stlth   +.........              (amulet currently unavailable)
HPRegen 0.11/turn               (ring currently unavailable)
MPRegen 0.08/turn               (ring currently unavailable)

@: mighty, wisp-form, flying, hasted, very quick
A: insubstantial, flying, no casting, tiny
a: no special abilities


You were on level 2 of the Dungeon.
You were an insubstantial wisp.
You visited 1 branch of the dungeon, and saw 2 of its levels.

You collected 46 gold pieces.

Inventory:

Hand Weapons
 a - a +0 war axe (melded)
Missiles
 f - 2 poisoned darts (quivered)
 j - 4 atropa-tipped darts
Armour
 b - a +0 scale mail (melded)
 c - a +0 buckler (melded)
 g - a +0 helmet (melded)
Jewellery
 k - a ring of fire
Scrolls
 h - 2 scrolls of teleportation
 i - a scroll of immolation
Potions
 d - a potion of might


   Skills:
 + Level 3.9 Fighting
 * Level 3.6 Axes
 + Level 3.5 Armour
 + Level 0.6 Dodging
 + Level 3.6 Shields


You had 2 spell levels left.
You didn't know any spells.
Your spell library contained the following spells:

 Spells                   Type           Power      Damage    Failure   Level
 Blink                    Tloc           0%         N/A       54%         2
 Lesser Beckoning         Tloc           0%         N/A       78%         3
 Manifold Assault         Tloc           0%         N/A       100%        5


Dungeon Overview and Level Annotations

Branches:
Dungeon (2/15)

Altars:

Annotations:
D:2 Sigmund


Message History

You hit the endoplasm but do no damage.
The endoplasm is severely wounded.
The endoplasm barely misses you. The endoplasm freezes you.
You are frozen.
You feel very mighty all of a sudden. You block the endoplasm's attack.
Something hits you. The endoplasm freezes you.
You are frozen.
You barely miss something. You slash the endoplasm!
You kill the endoplasm!
Something hits you but does no damage.
You miss something.
You hear some strange, mumbled words.
Something tries to affect you, but you resist.
You closely miss something. Something hits you but does no damage.
You miss something. Something hits you!
You barely miss something.
You hear some strange, mumbled words.
A magic dart appears from out of thin air!
The magic dart hits you!
* * * LOW HITPOINT WARNING * * *
Something hits you but does no damage.
It was a potion of haste.
You feel yourself speed up.
You miss something.
You hear a zap.
You turn into an insubstantial wisp.
Your +0 war axe melds into your body.
Your +0 helmet melds into your body.
Your +0 buckler melds into your body.
Your +0 scale mail melds into your body.
You closely miss something. Something hits you but does no damage.
You barely miss something. You barely miss something.
You closely miss something.
You hear some strange, mumbled words.
A puff of flame appears from out of thin air!
The puff of flame hits you. You resist.
* * * LOW HITPOINT WARNING * * *
A magic dart appears from out of thin air!
The magic dart hits you.
You die...

##### # #..... .#
#.#..####.## #.#
#.#.[......### #.#
#.#........... #.#
#....♣).♣...# #.#
#...........# #.#
#..♣.v.{..♣... #.#
#............. #.##
#.?........... #..#
#..♣......♣... ##.#
#...........#.
#######.## #....♣..♣...#
.........# #.#..........
########.###.##....)...#
#......##.# .######


There were no monsters in sight!

Vanquished Creatures
  A dart slug (D:1)
  3 ball pythons
  A bat (D:1)
  3 endoplasms
  2 giant cockroaches
  3 hobgoblins
  A jackal (D:1)
  3 kobolds (D:1)
  4 quokkas
  3 frilled lizards (D:1)
  5 goblins
  3 rats
32 creatures vanquished.

Notes
Turn   | Place    | Note
-------+----------+-------------------------------------------
     0 | D:1      | Dabor the Hill Orc Fighter began the quest for the Orb.
     0 | D:1      | Reached XP level 1. HP: 19/19 MP: 1/1
   144 | D:1      | Reached XP level 2. HP: 27/27 MP: 2/2
   163 | D:1      | Found a faded altar of an unknown god.
   972 | D:1      | Reached XP level 3. HP: 27/33 MP: 3/3
  1582 | D:2      | Noticed Sigmund
  1600 | D:2      | HP: 1/33 [something/puff of flame (2)]
  1601 | D:2      | Killed from afar by Sigmund

Illustrated notes

Levels and vault maps discovered:
D:1:      dpeg_arrival_brainrot, layout_basic,
          hellmonk_ecumenical_altar_zigzags, chequers_mini_garden,
          kennysheep_nondescript
D:2:      layout_basic, minmay_misc_feat_plants, uniq_sigmund

Skill      XL: |  1 |
---------------+----+-----
Axes           | 3 |  3.6
Fighting       | |  3.9
Armour         | |  3.5
Dodging        | |  0.6
Shields        | |  3.6

Action                   || total
-------------------------++-------
Melee: War axe           ||    96
       Unarmed           ||     4
  Use: Scroll            ||     3
       Potion            ||     2
Armor: Scale mail        ||    60
       Skin              ||     1
Dodge: Dodged            ||    42
Block: Buckler           ||    19

Table legend: (Time is in decaauts)
 A = Elapsed time spent in this place.
 B = Non-inter-level travel time spent in this place.
 C = Inter-level travel time spent in this place.
 D = Time resting spent in this place.
 E = Time spent auto-exploring this place.
 F = Levels seen in this place.
 G = Mean time per level.
                   A        B        C        D        E       F      G
               +--------+--------+--------+--------+--------+-----+--------+
         Total |   1635 |   1497 |    138 |      0 |   1253 |   2 |  817.5 |
       Dungeon |   1635 |   1497 |    138 |      0 |   1253 |   2 |  817.5 |
               +--------+--------+--------+--------+--------+-----+--------+

Top non-repeatable levels by time:
     D:1: 1340 daAuts
     D:2: 295 daAuts
